[Event "Late-Titled-Tuesday-Blitz-February-13-2024"]
[Site "Chess.com"]
[Date "2024.02.13"]
[Round "1"]
[White "Szparu"]
[Black "alexgo05"]
[Result "1-0"]
[WhiteElo "2786"]
[BlackElo "2419"]
[TimeControl "180+1"]
[EndTime "14:04:54 PST"]
[Termination "Szparu won by resignation"]

1. e4 c6 2. d4 d5 3. e5 g6 4.
Bd3 Bg7 5. Nf3 Nh6 6. O-O O-O 7. Re1 f6 8. exf6 exf6 9. c4 Na6 10. Nc3 Nc7 11.
Bf4 Ne6 12. Bg3 Ng5 13. cxd5 cxd5 14. Nxg5 fxg5 15. Qb3 Bxd4 16. Nxd5 Kh8 17. Rad1 Bg7 18. Nc7 Bg4 19. Be2 Qf6 20. Nxa8 Rxa8 21. Qxb7 Rf8 22. Bxg4 Nxg4 23. h3 Nxf2 24. Rf1 1-0

[Event "Late-Titled-Tuesday-Blitz-February-13-2024"]
[Site "Chess.com"]
[Date "2024.02.13"]
[Round "1"]
[White "Sl4werThanYou"]
[Black "Kostukov_Alex"]
[Result "1-0"]
[WhiteElo "2627"]
[BlackElo "2271"]
[TimeControl "180+1"]
[EndTime "14:04:54 PST"]
[Termination "Sl4werThanYou won by resignation"]

1. d4 g6 2. Nf3 Bg7 3. e4 c5 4. d5 d6 5. Nc3 Nf6 6. Bb5+ Nbd7 7. a4 Kf8 8. O-O Ne5 9. Nxe5 dxe5 10.
Be3 b6 11. a5 Rb8 12. axb6 axb6 13. Ra7 Ne8 14. Bc6 Nd6 15. Qe2 f6 16. f4 exf4 17. Bxf4 h5 18. e5 Bg4 19. Qe1 Nc8 20. exf6 Nxa7 21.
fxe7+ Qxe7 22. Bd6+ 1-0

[Event "Late-Titled-Tuesday-Blitz-February-13-2024"]
[Site "Chess.com"]
[Date "2024.02.13"]
[Round "1"]
[White "Firouzja2003"]
[Black "N18player"]
[Result "1-0"]
[WhiteElo "3126"]
[BlackElo "2524"]
[TimeControl "180+1"]
[EndTime "14:04:56 PST"]
[Termination "Firouzja2003 won on time"]

1. b3 c5 2. Bb2 Nc6 3. e3 e5 4. c4 d6 5. Nc3 g6 6. g3 Bg7 7.
Bg2 Nge7 8. h4 h6 9. Nge2 O-O 10.
O-O f5 11. d3 f4 12. exf4 exf4 13. Nxf4 Rxf4 14. gxf4 Nf5 15. h5 Nh4 16. Bd5+ Kh8 17.
hxg6 Qf6 18. Qh5 Nd4 19. Kh1 Bf5 20. Ne4 Bxe4+ 21. Bxe4 Re8 22. Bxd4 cxd4 23. Rae1 Qxf4 24. Rg1 Qxf2 25. Ref1 Re5 26. Qg4 Qxf1 27. Rxf1 1-0

[Event "Late-Titled-Tuesday-Blitz-February-13-2024"]
[Site "Chess.com"]
[Date "2024.02.13"]
[Round "1"]
[White "Eloist"]
[Black "Kosak12"]
[Result "0-1"]
[WhiteElo "2444"]
[BlackElo "2845"]
[TimeControl "180+1"]
[EndTime "14:04:56 PST"]
[Termination "Kosak12 won by resignation"]

1. e4 b6 2. d4 Bb7 3. Bd3 g6 4. Nf3 Bg7 5. O-O e6 6. Qe2 Ne7 7. c4 d6 8. Nc3 Nd7 9. Re1 O-O 10. Bd2 h6 11. h3 a6 12. Rad1 Kh7 13. d5 e5 14. h4 Nf6 15. Nh2 Nh5 16. g3 Bc8 17.
Ng4 Ng8 18. Ne3 Bd7 19. Kh2 Ngf6 20. f3 Nxg3 21. Kxg3 Nh5+ 22. Kg2 Nf4+ 0-1

[Event "Late-Titled-Tuesday-Blitz-February-13-2024"]
[Site "Chess.com"]
[Date "2024.02.13"]
[Round "1"]
[White "waltereador"]
[Black "Doomfist26"]
[Result "0-1"]
[WhiteElo "2257"]
[BlackElo "2605"]
[TimeControl "180+1"]
[EndTime "14:04:56 PST"]
[Termination "Doomfist26 won by resignation"]

1. e4 e6 2. d4 d5 3. e5 c5 4.
c3 Nc6 5. Bd3 cxd4 6. cxd4 Nxd4 7. Be3 Nc6 8. Nf3 Nge7 9. O-O Ng6 10. Re1 Ngxe5 11. Nxe5 Nxe5 12. Bb5+ Nc6 13. Nd2 Be7 14. Nf3 O-O 15. Bxc6 bxc6 16. Ne5 Bd6 17. Qh5 c5 18. Bg5 f6 19. Bh4 Qe8 20. Qxe8 Rxe8 21. Nd3 c4 22. Nc1 Rb8 23. b3 Be5 24. Bg3 Bxg3 25. hxg3 Ba6 26. bxc4 Bxc4 27. a4 e5 28. g4 Kf7 29. f3 Rb2 30.
Rd1 Reb8 31. Nd3 Rc2 32. Ne1 Re2 33. Rdb1 Rbb2 34. Rxb2 Rxb2 35. a5 a6 36. g3 d4 37.
Ng2 Bd5 38. Ne1 Ke6 39. Ra3 Rb3 40. Rxb3 Bxb3 41. Nd3 Kd5 42. Nb4+ Kc4 43. Nxa6 d3 44. Kf2 d2 45. Nb8 d1=Q 46. Nc6 Qd2+ 0-1

[Event "Late-Titled-Tuesday-Blitz-February-13-2024"]
[Site "Chess.com"]
[Date "2024.02.13"]
[Round "1"]
[White "AryanTari"]
[Black "JackRodgers"]
[Result "1-0"]
[WhiteElo "2936"]
[BlackElo "2496"]
[TimeControl "180+1"]
[EndTime "14:04:59 PST"]
[Termination "AryanTari won by resignation"]

1. d4 Nf6 2. Bf4 c5 3. e3 e6 4. Nf3 Nc6 5. c3 b6 6. h3 Bb7 7. Nbd2 Be7 8. Be2 O-O 9. O-O d6 10. Bh2 Re8 11. a4 a6 12. Bd3 Bf8 13. e4 e5 14. d5 Ne7 15. b4 Ng6 16. bxc5 bxc5 17. a5 Bc8 18. Nc4 Bd7 19. Nb6 Ra7 20. Qe2 Bc8 21. Nd2 h6 22. Rfb1 Nh7 23. Nxc8 Qxc8 24. Rb6 Ng5 25. Bxa6 Nxh3+ 26. gxh3 Qxh3 27. Qf3 Qd7 28. Bb5 Qd8 29. Bxe8 Qxe8 30. Bg3 Qd8 31. Nc4 Be7 32.
Rab1 Kh7 33. Qf5 Bh4 34. Rxd6 Qe7 35. Rbb6 Bxg3 36. Rxg6 Bxf2+ 37. Kxf2 Qh4+ 38. Kg2 1-0

[Event "Late-Titled-Tuesday-Blitz-February-13-2024"]
[Site "Chess.com"]
[Date "2024.02.13"]
[Round "1"]
[White "katharinareinecke"]
[Black "guillembaches"]
[Result "0-1"]
[WhiteElo "1957"]
[BlackElo "2534"]
[TimeControl "180+1"]
[EndTime "14:05:00 PST"]
[Termination "guillembaches won by resignation"]

1. e4 c5 2. Nf3 d6 3. Bb5+ Bd7 4.
Bxd7+ Qxd7 5. O-O Nf6 6. Re1 Nc6 7. c3 e6 8. d4 cxd4 9. cxd4 d5 10. e5 Ng8 11.
Nc3 h5 12. a3 Nge7 13. b4 Nf5 14. b5 Na5 15. a4 Bb4 16. Bd2 Nc4 17. Rb1 Ba5 18.
Qb3 Nxd4 19. Qa2 Nxf3+ 20. gxf3 Rc8 21. Rec1 Nxd2 22. Qxd2 d4 23. Rd1 Bxc3 0-1

[Event "Late-Titled-Tuesday-Blitz-February-13-2024"]
[Site "Chess.com"]
[Date "2024.02.13"]
[Round "1"]
[White "Jospem"]
[Black "DeArron_Fox"]
[Result "1-0"]
[WhiteElo "3031"]
[BlackElo "2511"]
[TimeControl "180+1"]
[EndTime "14:05:03 PST"]
[Termination "Jospem won on time"]

1. e4 c5 2. Nf3 e6 3. c3 d5 4.
e5 d4 5. d3 Bd7 6. g3 Bc6 7.
Bg2 Nd7 8. O-O Ne7 9. Qe2 Ng6 10. Nbd2 Qc7 11. Re1 Rd8 12. h4 h6 13. cxd4 cxd4 14. a3 Ne7 15. Nc4 Nc8 16. Bf4 Bc5 17. Rac1 O-O 18.
b4 Bb6 19. g4 Ne7 20. Bg3 Nd5 21. h5 Nc3 22. Qd2 Bd5 23. Nd6 Qb8 24. g5 hxg5 25. Qxg5 Bc7 26. h6 g6 27. Nc4 Bxc4 28. dxc4 1-0

[Event "Late-Titled-Tuesday-Blitz-February-13-2024"]
[Site "Chess.com"]
[Date "2024.02.13"]
[Round "1"]
[White "rezamahdavi2008"]
[Black "Mindhunter08"]
[Result "1-0"]
[WhiteElo "2846"]
[BlackElo "2445"]
[TimeControl "180+1"]
[EndTime "14:05:11 PST"]
[Termination "rezamahdavi2008 won by resignation"]

1. e4 e5 2. Nf3 Nc6 3. Bc4 Nf6 4.
d3 Bc5 5. Bg5 h6 6. Bh4 g5 7.
Bg3 d6 8. c3 Bg4 9. Nbd2 Qd7 10.
a4 a5 11. h3 Bh5 12. Bb5 Bb6 13. Nc4 O-O 14. Nxb6 cxb6 15. Bh2 g4 16. hxg4 Qxg4 17. Qd2 Kh7 18. Bg3 Rae8 19. O-O-O Qg6 20. Nh4 Qg5 21. Nf5 Qxd2+ 22. Rxd2 Rd8 23. Bh4 Kg6 24. Bxf6 1-0

[Event "Late-Titled-Tuesday-Blitz-February-13-2024"]
[Site "Chess.com"]
[Date "2024.02.13"]
[Round "1"]
[White "Rawnsdale"]
[Black "cthake"]
[Result "1-0"]
[WhiteElo "2531"]
[BlackElo "1806"]
[TimeControl "180+1"]
[EndTime "14:05:13 PST"]
[Termination "Rawnsdale won by resignation"]

1. e4 c5 2. Nf3 Nc6 3. d4 cxd4 4. Nxd4 Nf6 5. Nc3 e5 6. Ndb5 d6 7. Nd5 Nxd5 8. exd5 Nb8 9. c4 a6 10. Nc3 Be7 11.
Be2 O-O 12. O-O f5 13. f4 Bf6 14. Be3 Nd7 15. Rc1 e4 16. b4 b6 17. Na4 Bb7 18.
c5 bxc5 19. bxc5 dxc5 20. Nxc5 Nxc5 21. Bxc5 Re8 22. d6 Qd7 23. Ba3 Rac8 24. Qb3+ Kh8 25. Bc4 Bd4+ 26. Kh1 e3 27. Bf7 Rf8 28. Be6 Rxc1 29.
Rxc1 Qb5 30. Qxb5 axb5 31. d7 e2 32. Bxf8 Bb6 33. Re1 1-0

[Event "Late-Titled-Tuesday-Blitz-February-13-2024"]
[Site "Chess.com"]
[Date "2024.02.13"]
[Round "1"]
[White "delqate"]
[Black "Hrant_ChessMood"]
[Result "0-1"]
[WhiteElo "2500"]
[BlackElo "2956"]
[TimeControl "180+1"]
[EndTime "14:05:15 PST"]
[Termination "Hrant_ChessMood won by resignation"]

1. e4 c6 2. d4 d5 3. Nd2 dxe4 4.
Nxe4 Nf6 5. Nxf6+ exf6 6. c3 Bd6 7. Bd3 Na6 8. Ne2 Nc7 9. Bf4 Nd5 10. Bg3 h5 11.
O-O h4 12. Bxd6 Qxd6 13. Re1 O-O 14. Qd2 Bg4 15. c4 Bxe2 16. Bxe2 Nf4 17. Bf1 Rad8 18. Rad1 f5 19. b4 g6 20. a4 Rd7 21. a5 Rfd8 22. Qc3 Qf6 23. b5 Ne6 24. Qe3 Nxd4 25. Qh6 Nf3+ 0-1

[Event "Late-Titled-Tuesday-Blitz-February-13-2024"]
[Site "Chess.com"]
[Date "2024.02.13"]
[Round "1"]
[White "Dubs123"]
[Black "Witik"]
[Result "1-0"]
[WhiteElo "2333"]
[BlackElo "2649"]
[TimeControl "180+1"]
[EndTime "14:05:18 PST"]
[Termination "Dubs123 won by resignation"]

1. d4 Nf6 2. c4 e6 3. Nc3 Bb4 4. f3 c5 5. e3 d5 6. a3 Bxc3+ 7.
bxc3 O-O 8. cxd5 exd5 9. Bd3 b6 10. Ne2 Ba6 11. O-O Re8 12. Ng3 Bxd3 13. Qxd3 Nc6 14. Bb2 h5 15. e4 h4 16. Nf5 dxe4 17. fxe4 Rxe4 18. Nxg7 Ne5 19. Qh3 Kxg7 20. dxe5 Ng4 21. Qf3 Qd5 22. Rad1 Qb7 23. Rde1 1-0

[Event "Late-Titled-Tuesday-Blitz-February-13-2024"]
[Site "Chess.com"]
[Date "2024.02.13"]
[Round "1"]
[White "ahkashefi2800"]
[Black "Hikaru"]
[Result "0-1"]
[WhiteElo "2528"]
[BlackElo "3333"]
[TimeControl "180+1"]
[EndTime "14:05:20 PST"]
[Termination "Hikaru won by resignation"]

1. Nf3 g6 2. g3 Bg7 3. Bg2 d6 4. O-O Bd7 5. d4 Qc8 6. Re1 Bh3 7. e4 Nc6 8. c3 h5 9. Qb3 Bxg2 10. Kxg2 h4 11.
Nxh4 Bf6 12. Nf3 Qh3+ 13. Kg1 O-O-O 14. Nbd2 g5 15. Nf1 g4 16. Ng5 Bxg5 17. Bxg5 Qh5 18. Be3 Nf6 19. d5 Ne5 20. f4 Nf3+ 21. Kf2 Qxh2+ 22. Nxh2 Rxh2+ 23. Kf1 Nxe4 0-1

[Event "Late-Titled-Tuesday-Blitz-February-13-2024"]
[Site "Chess.com"]
[Date "2024.02.13"]
[Round "1"]
[White "grzechu96"]
[Black "TheAlienParty"]
[Result "1-0"]
[WhiteElo "2759"]
[BlackElo "2403"]
[TimeControl "180+1"]
[EndTime "14:05:21 PST"]
[Termination "grzechu96 won on time"]

1. e4 e5 2. Nf3 Nc6 3. Bc4 Bc5 4. O-O Nf6 5. d3 h6 6. c3 d6 7. Re1 a5 8. Nbd2 O-O 9. h3 Be6 10. Bb5 Bb6 11. Nf1 Ne7 12. Ng3 c6 13. Ba4 Ng6 14. d4 Qc8 15. Bc2 Rd8 16. Qe2 Kh7 17. Nf5 Bc7 18.
a4 Re8 19. Ng3 Kg8 20. Be3 Nh5 21. Nxh5 d5 22. Nxe5 Nxe5 23. dxe5 Bxe5 24. f4 Bc7 25. e5 Bd7 26. Qf3 b6 27. Qg3 1-0

[Event "Late-Titled-Tuesday-Blitz-February-13-2024"]
[Site "Chess.com"]
[Date "2024.02.13"]
[Round "1"]
[White "Oleksandr_Bortnyk"]
[Black "Zq1"]
[Result "1-0"]
[WhiteElo "3047"]
[BlackElo "2514"]
[TimeControl "180+1"]
[EndTime "14:05:23 PST"]
[Termination "Oleksandr_Bortnyk won on time"]

1. d4 Nf6 2. Nc3 d5 3. Bf4 a6 4. e3 e6 5. Nf3 c5 6. a3 Nc6 7. Bd3 Bd6 8. dxc5 Bxc5 9. O-O h6 10.
e4 dxe4 11. Nxe4 Nxe4 12. Bxe4 Qxd1 13. Rfxd1 O-O 14. b4 Be7 15. Bd6 Bxd6 16. Rxd6 e5 17. Bxc6 bxc6 18. Nxe5 Re8 19. Nxc6 Bb7 20. c4 Bxc6 21.
Rxc6 Rad8 22. Rxa6 Rd2 23. c5 Ree2 24. Rf1 Rb2 25.
c6 Rec2 26. h4 g5 27. hxg5 hxg5 28. g3 Kg7 29. Rb6 g4 30. b5 f5 31. Kg2 Rc3 32.
Rb7+ Kg6 33. c7 Kg5 34. b6 f4 35. gxf4+ Kf5 36. Rb8 g3 37. c8=Q+ 1-0

[Event "Late-Titled-Tuesday-Blitz-February-13-2024"]
[Site "Chess.com"]
[Date "2024.02.13"]
[Round "1"]
[White "Agibileg"]
[Black "Sajkochess"]
[Result "1-0"]
[WhiteElo "2729"]
[BlackElo "2386"]
[TimeControl "180+1"]
[EndTime "14:05:23 PST"]
[Termination "Agibileg won by resignation"]

1. d4 Nf6 2. c4 e6 3. Nc3 Bb4 4. e3 O-O 5. Bd3 d5 6. a3 Bxc3+ 7. bxc3 c5 8. cxd5 Nxd5 9. Ne2 b6 10. O-O Ba6 11.
c4 Nf6 12. Bb2 Nc6 13. Rc1 Rc8 14. Qa4 Na5 15. Rfd1 Qd7 16. Qc2 cxd4 17. Bxd4 Qe7 18. Bxf6 Qxf6 19. Bxh7+ Kh8 20. Bd3 Bxc4 21. Bxc4 Rxc4 22.
Qd3 Rfc8 23. Rxc4 Rxc4 24. h3 g6 25. Qd7 Rc2 26. Nf4 g5 27. Qe8+ Kh7 28. Rd7 Rc1+ 29.
Kh2 gxf4 30. Rxf7+ Kg6 31. Qg8+ Kf5 32. Qg4+ Ke5 33. exf4+ 1-0

[Event "Late-Titled-Tuesday-Blitz-February-13-2024"]
[Site "Chess.com"]
[Date "2024.02.13"]
[Round "1"]
[White "igorknyazev"]
[Black "pooh2012"]
[Result "0-1"]
[WhiteElo "2195"]
[BlackElo "2562"]
[TimeControl "180+1"]
[EndTime "14:05:26 PST"]
[Termination "pooh2012 won by checkmate"]

1. e4 c6 2. d4 d5 3. Nc3 dxe4 4. Nxe4 Nd7 5. Nf3 Ngf6 6. Neg5 e6 7. Bf4 h6 8. Nh3 g5 9. Nhxg5 hxg5 10. Nxg5 Bh6 11. Bc4 Qa5+ 12. Bd2 Qf5 13. f4 Ne4 14. Bd3 Bxg5 15.
Qf3 Nxd2 16. Bxf5 Nxf3+ 17. gxf3 Bh4+ 18. Kd2 exf5 19. Rhg1 Nf6 20. Rg2 Be6 21. Rag1 O-O-O 22. b3 Nd5 23. c4 Nxf4 24. Rg7 Rxd4+ 25. Kc3 Ne2+ 26.
Kb4 Be7+ 27. Ka4 Nc3+ 28. Ka5 Kb8 29. Rg8+ Rxg8 30. Rxg8+ Bc8 31. Re8 b6# 0-1

[Event "Late-Titled-Tuesday-Blitz-February-13-2024"]
[Site "Chess.com"]
[Date "2024.02.13"]
[Round "1"]
[White "sharkarton"]
[Black "LiemLe"]
[Result "0-1"]
[WhiteElo "2510"]
[BlackElo "3021"]
[TimeControl "180+1"]
[EndTime "14:05:27 PST"]
[Termination "LiemLe won by resignation"]

1. Nf3 Nf6 2. d4 g6 3. g3 Bg7 4. Bg2 d5 5. O-O O-O 6. c4 dxc4 7. Nc3 c6 8. Ne5 Ng4 9. Nxg4 Bxg4 10. h3 Be6 11. Be3 Na6 12. Ne4 Bd5 13. f3 Qb6 14. Qd2 Rad8 15. Nc3 Rd7 16. Rfd1 Rfd8 17. Bf2 Be6 18.
e3 Nb4 19. Bf1 Nd3 20. Bxd3 cxd3 21. Qxd3 Qxb2 22. Ne4 Qb5 23. Nc5 Qxc5 24. dxc5 Rxd3 25. Rxd3 Rxd3 0-1

[Event "Late-Titled-Tuesday-Blitz-February-13-2024"]
[Site "Chess.com"]
[Date "2024.02.13"]
[Round "1"]
[White "MarcoRiehle"]
[Black "Conejoviejo67"]
[Result "1-0"]
[WhiteElo "2857"]
[BlackElo "2454"]
[TimeControl "180+1"]
[EndTime "14:05:27 PST"]
[Termination "MarcoRiehle won by resignation"]

1. e4 e6 2. c4 d5 3. cxd5 exd5 4. Qb3 dxe4 5. Bc4 Qf6 6. Nc3 c6 7. Nxe4 Qg6 8. Ng3 b5 9. Bd3 Qe6+ 10. Qxe6+ Bxe6 11. Nf3 Bd6 12. Ne4 Be7 13. O-O Nd7 14.
Nd4 Bd5 15. Nc3 b4 16. Nxd5 cxd5 17. Bb5 Nf6 18. Re1 Kf8 19. Nc6 Bd6 20. d4 h6 21.
f3 g5 22. Bd2 a6 23. Ba4 Nb6 24. Bb3 a5 25. Rac1 Kg7 26. Ne7 Bxe7 27. Rxe7 Rhe8 28.
Rcc7 Rxe7 29. Rxe7 Re8 30. Rxe8 Nxe8 31. Kf2 Nd6 32.
Ke2 Kf6 33. Kd3 Nbc4 34. Bc1 Ke6 35. a3 bxa3 36. bxa3 Nb6 37. a4 Nf5 38. Bd2 Nh4 39. Bxa5 Nd7 40. Bc7 Nxg2 41. a5 Nf6 42. a6 Ne8 43.
Bb8 Nf4+ 44. Kd2 Kd7 45. a7 1-0

[Event "Late-Titled-Tuesday-Blitz-February-13-2024"]
[Site "Chess.com"]
[Date "2024.02.13"]
[Round "1"]
[White "MeisterJabo"]
[Black "ChessSkool"]
[Result "0-1"]
[WhiteElo "2373"]
[BlackElo "2715"]
[TimeControl "180+1"]
[EndTime "14:05:27 PST"]
[Termination "ChessSkool won by resignation"]

1. c4 e6 2. Nf3 d5 3. g3 Nf6 4. Bg2 Be7 5. O-O O-O 6. d4 dxc4 7. Ne5 Nc6 8. Nxc6 bxc6 9. Na3 Bxa3 10. bxa3 Rb8 11. Bxc6 Nd5 12. Qa4 Rb6 13. Qxc4 Ba6 14. Qc2 Bxe2 15. Qxe2 Rxc6 16. Bd2 Qd6 17. Qf3 Ra6 18.
Qg4 Nf6 19. Qh4 Rxa3 20. Rab1 Ra4 21. Be3 Nd5 22. Rfc1 Nxe3 23. fxe3 Rxa2 24. Qf4 Qd5 25. e4 Qxd4+ 26. Kh1 e5 0-1

[Event "Late-Titled-Tuesday-Blitz-February-13-2024"]
[Site "Chess.com"]
[Date "2024.02.13"]
[Round "1"]
[White "GHANDEEVAM2003"]
[Black "ejam94"]
[Result "1-0"]
[WhiteElo "3021"]
[BlackElo "2510"]
[TimeControl "180+1"]
[EndTime "14:05:28 PST"]
[Termination "GHANDEEVAM2003 won on time"]

1. d4 Nf6 2. Bf4 g6 3. e3 Bg7 4.
Nf3 d6 5. h3 O-O 6. Be2 Nbd7 7.
Nbd2 b6 8. O-O Bb7 9. a4 a6 10. c3 Re8 11. Bh2 e5 12. dxe5 dxe5 13. Bc4 h6 14.
Qb3 Qe7 15. Qa3 Qxa3 16. Rxa3 Rad8 17. Rfa1 Ne4 18. Nxe4 Bxe4 19. Bxa6 Bxf3 20. gxf3 Nc5 21. Bb5 Re6 22. b4 Nd3 23. Rd1 Red6 24. Rxd3 Rxd3 25. Bxd3 Rxd3 26. a5 bxa5 27. bxa5 Bf8 28. Ra2 f6 29. a6 Rd8 30. f4 Bd6 31. fxe5 fxe5 32. Ra5 Ra8 33.
c4 c5 34. Kg2 Kf7 35. Kf3 Ke6 36.
Ke4 Ra7 37. Bg3 g5 38. f3 Ra8 39. a7 Bc7 40. Ra6+ Kd7 41. Kd5 Kc8 42. Kc6 Kd8 43.
e4 Kc8 44. Bf2 h5 45. Bxc5 g4 46. hxg4 hxg4 47. fxg4 Bb6 48. Bxb6 1-0

[Event "Late-Titled-Tuesday-Blitz-February-13-2024"]
[Site "Chess.com"]
[Date "2024.02.13"]
[Round "1"]
[White "Abduzhaparov"]
[Black "A-Fier"]
[Result "0-1"]
[WhiteElo "2396"]
[BlackElo "2753"]
[TimeControl "180+1"]
[EndTime "14:05:28 PST"]
[Termination "A-Fier won by checkmate"]

1. Nf3 Nf6 2. c4 g6 3. Nc3 Bg7 4. e4 O-O 5. d4 d6 6. Be3 Bg4 7. Qb3 Qc8 8. Be2 Bxf3 9. gxf3 Nfd7 10. f4 c5 11. d5 a6 12. a4 e6 13. h4 exd5 14.
cxd5 Re8 15. h5 Nf6 16. hxg6 hxg6 17. e5 dxe5 18. fxe5 Rxe5 19. O-O-O Rxe3 20. fxe3 Nbd7 21. e4 Ne5 22. Rdf1 c4 23. Qb6 Nfd7 24. Qe3 b5 25. Qh3 b4 26. Nd1 Nd3+ 27. Bxd3 cxd3+ 28. Kb1 Qc2+ 29.
Ka1 Qxa4+ 30. Kb1 Qc2+ 31. Ka1 Rc8 32. Qh7+ Kf8 33. Rxf7+ Kxf7 34. Rf1+ Nf6 35. Ne3 Qe2 36. Rxf6+ Kxf6 37. Qh4+ Kf7 38. Qf4+ Kg8 39. Ng4 Qxb2# 0-1

[Event "Late-Titled-Tuesday-Blitz-February-13-2024"]
[Site "Chess.com"]
[Date "2024.02.13"]
[Round "1"]
[White "Zampronha1971"]
[Black "Thjop"]
[Result "0-1"]
[WhiteElo "2317"]
[BlackElo "2662"]
[TimeControl "180+1"]
[EndTime "14:05:28 PST"]
[Termination "Thjop won by resignation"]

1. e4 e6 2. d4 d5 3. Nc3 Bb4 4. e5 c5 5. a3 Bxc3+ 6. bxc3 Qa5 7. Bd2 Qa4 8. Qb1 c4 9. Nf3 Nc6 10. g3 Nge7 11. h4 h6 12. Bh3 Bd7 13. Kf1 O-O-O 14. Kg2 Rdg8 15. h5 b6 16. Ra2 Kc7 17. Ra1 g5 18.
hxg6 fxg6 19. Kg1 g5 20. Bg2 Nf5 21. g4 Nfe7 22. Kf1 Be8 23. Ke2 Bg6 24. Ra2 Rf8 25. Ne1 h5 26. gxh5 Bxh5+ 27. f3 g4 28. fxg4 Bxg4+ 29. Nf3 Nf5 30. Bg5 Ng3+ 31. Ke3 Nxh1 32.
Bxh1 Bxf3 33. Bxf3 Rh3 34. Bf6 Rg8 35. Kf4 Qa5 36. Qe1 Nxd4 37. Bg4 Qxc3 38. Qxc3 Rxc3 0-1

[Event "Late-Titled-Tuesday-Blitz-February-13-2024"]
[Site "Chess.com"]
[Date "2024.02.13"]
[Round "1"]
[White "CaspiIsrael"]
[Black "semchik73"]
[Result "1-0"]
[WhiteElo "2814"]
[BlackElo "2427"]
[TimeControl "180+1"]
[EndTime "14:05:32 PST"]
[Termination "CaspiIsrael won by checkmate"]

1. e4 Nf6 2. e5 Nd5 3. d4 d6 4. Nf3 Bg4 5. h3 Bxf3 6. Qxf3 dxe5 7. dxe5 e6 8. a3 Nc6 9. Bb5 a6 10. Bxc6+ bxc6 11. Nd2 Qg5 12. Nc4 Qg6 13. Bd2 Qxc2 14. Rc1 Qf5 15. Qxf5 exf5 16. O-O Be7 17. Na5 c5 18. Rfd1 f6 19. e6 Bd6 20. Nb7 Ke7 21. Nxc5 Bxc5 22. Rxc5 Kxe6 23. Ba5 Rhd8 24. Bxc7 Nxc7 25.
Rc6+ Ke5 26. Re1+ Kf4 27. Rxc7 g6 28. Rxh7 Rd2 29. g3+ Kg5 30. f4# 1-0

[Event "Late-Titled-Tuesday-Blitz-February-13-2024"]
[Site "Chess.com"]
[Date "2024.02.13"]
[Round "1"]
[White "Noki102"]
[Black "Alina_Gumerovna"]
[Result "1-0"]
[WhiteElo "2542"]
[BlackElo "2065"]
[TimeControl "180+1"]
[EndTime "14:05:32 PST"]
[Termination "Noki102 won on time"]

1. d4 Nf6 2. Nc3 g6 3. e4 d6 4.
Bf4 Bg7 5. Qd2 O-O 6. O-O-O Nc6 7. f3 e5 8. dxe5 dxe5 9. Qxd8 Rxd8 10. Rxd8+ Nxd8 11.
Bxe5 Ne6 12. Bg3 c6 13. Bc4 b5 14. Bb3 a5 15. a4 b4 16. Nb1 Nd4 17. Nd2 Bh6 18.
f4 Nh5 19. Nh3 Nxg3 20. hxg3 Ne2+ 21. Kb1 Nxg3 22. Rd1 Bg4 23. Nf3 Bxh3 24. gxh3 Bxf4 25. Rd7 Rf8 26. Nd4 Nxe4 27. Nxc6 1-0

[Event "Late-Titled-Tuesday-Blitz-February-13-2024"]
[Site "Chess.com"]
[Date "2024.02.13"]
[Round "1"]
[White "nindjaxx8"]
[Black "Ready4abattle"]
[Result "1-0"]
[WhiteElo "2590"]
[BlackElo "2248"]
[TimeControl "180+1"]
[EndTime "14:05:33 PST"]
[Termination "nindjaxx8 won by resignation"]

1. d4 Nf6 2. c4 g6 3. Nc3 d5 4. Bf4 Bg7 5. e3 c5 6. dxc5 Qa5 7. Rc1 dxc4 8. Bxc4 Qxc5 9. Bb3 O-O 10. Nf3 Nc6 11. O-O Qa5 12. Qe2 e5 13. Bg3 Bg4 14. h3 Bh5 15. Qc4 Bxf3 16. gxf3 Rac8 17. Qe2 Rfd8 18. Rfd1 a6 19. Bh4 h6 20. Qc4 Rxd1+ 21. Rxd1 Rf8 22. Bxf6 Bxf6 23. Rd7 Be7 24. Nd5 Bh4 25.
Qxh4 1-0

[Event "Late-Titled-Tuesday-Blitz-February-13-2024"]
[Site "Chess.com"]
[Date "2024.02.13"]
[Round "1"]
[White "SCIM"]
[Black "InadaC"]
[Result "1-0"]
[WhiteElo "2588"]
[BlackElo "2236"]
[TimeControl "180+1"]
[EndTime "14:05:35 PST"]
[Termination "SCIM won by checkmate"]

1. e4 e6 2. d4 d5 3. Nd2 Nf6 4. e5 Nfd7 5. Bd3 c5 6. c3 Qb6 7.
Ngf3 Nc6 8. O-O f6 9. Re1 Be7 10. c4 dxc4 11. Nxc4 Qc7 12. exf6 Nxf6 13. dxc5 Bxc5 14.
Be3 Bxe3 15. Nxe3 O-O 16. Rc1 Bd7 17. Qb3 Rfe8 18. Ng5 Qf4 19. Nxh7 Nxh7 20. Bxh7+ Kxh7 21. Qd3+ Kg8 22. Qxd7 Rad8 23. Qxb7 Rd2 24. Qxc6 Qxf2+ 25. Kh1 Rf8 26. Qxe6+ Kh7 27. Qh3+ Kg8 28. Rf1 Qe2 29. Rxf8+ Kxf8 30. Qf5+ Ke7 31. Rc7+ Kd6 32. Qc5+ Ke6 33. Re7+ Kf6 34. Qe5+ Kg6 35. Rxg7+ Kh6 36. Qg5# 1-0

[Event "Late-Titled-Tuesday-Blitz-February-13-2024"]
[Site "Chess.com"]
[Date "2024.02.13"]
[Round "1"]
[White "expii"]
[Black "prime-morty"]
[Result "0-1"]
[WhiteElo "2199"]
[BlackElo "2566"]
[TimeControl "180+1"]
[EndTime "14:05:36 PST"]
[Termination "prime-morty won by resignation"]

1. e4 d6 2. d4 Nf6 3. Nc3 e5 4. dxe5 dxe5 5. Qxd8+ Kxd8 6. Nf3 Bd6 7. Bc4 Be6 8. Bxe6 fxe6 9. Bg5 Ke7 10. Rd1 Nd7 11.
a3 a6 12. O-O h6 13. Be3 g5 14. h3 g4 15. hxg4 Nxg4 16. Bc1 Raf8 17. Nh2 h5 18. Nxg4 hxg4 19. g3 Rh5 20. Kg2 Bc5 21. Be3 Bxe3 22.
fxe3 Rfh8 23. Rh1 Rxh1 24. Rxh1 Rxh1 25. Kxh1 Nf6 26. Kg2 Kd6 27. Kf2 Kc5 28. b3 b5 29.
Ke2 a5 30. Ke1 b4 31. Na4+ Kb5 32. c4+ Kc6 33. axb4 axb4 34. Ke2 Nxe4 0-1

[Event "Late-Titled-Tuesday-Blitz-February-13-2024"]
[Site "Chess.com"]
[Date "2024.02.13"]
[Round "1"]
[White "Sleepless_Knightmare"]
[Black "Cosi43"]
[Result "1-0"]
[WhiteElo "2287"]
[BlackElo "2609"]
[TimeControl "180+1"]
[EndTime "14:05:40 PST"]
[Termination "Sleepless_Knightmare won by resignation"]

1. e4 c5 2. Nf3 e6 3. d4 cxd4 4. Nxd4 Nc6 5. Nc3 Qc7 6. g3 a6 7. Bg2 d6 8. O-O Bd7 9. Re1 Be7 10. Nxc6 Bxc6 11. Nd5 exd5 12. exd5 Bd7 13. Bg5 f6 14. Bf4 h5 15. Qd3 O-O-O 16. c4 g5 17. Bd2 h4 18. Bc3 hxg3 19. hxg3 Bh3 20. b4 Qd7 21. Be4 Nh6 22.
c5 dxc5 23. bxc5 Kb8 24. c6 bxc6 25. Qxa6 Bc5 26. Rab1+ Kc7 27. Rb7+ Kd6 28. Rxd7+ Bxd7 29. dxc6 Bc8 30. Qd3+ Kc7 31. Ba5+ Bb6 32. Bxb6+ Kxb6 33. Rb1+ Kc7 34. Qc3 Ng4 35. Qa5+ Kd6 36. Rd1+ Ke7 37. Qc7+ 1-0

[Event "Late-Titled-Tuesday-Blitz-February-13-2024"]
[Site "Chess.com"]
[Date "2024.02.13"]
[Round "1"]
[White "Rashad_Zeynalli"]
[Black "NCchamp"]
[Result "1-0"]
[WhiteElo "2662"]
[BlackElo "2317"]
[TimeControl "180+1"]
[EndTime "14:05:44 PST"]
[Termination "Rashad_Zeynalli won by resignation"]

1. e4 c6 2. d4 d5 3. e5 Bf5 4.
h4 h5 5. Bd3 Bxd3 6. Qxd3 Qa5+ 7.
b4 Qxb4+ 8. Nd2 e6 9. Rb1 Qe7 10.
c4 Qc7 11. Ngf3 Nd7 12. O-O Ne7 13. Ba3 b6 14. Rfc1 Qb7 15. Ng5 Nf5 16. cxd5 cxd5 17.
Ndf3 Be7 18. Bxe7 Nxe7 19. Rc3 g6 20. Rbc1 Rc8 21. Rxc8+ Nxc8 22. Nxe6 fxe6 23. Qxg6+ Kd8 24. Ng5 Re8 25. Nf7+ Ke7 26. Nd6 Nxd6 27. exd6+ Kd8 28. Qg5+ Nf6 29. Qxf6+ Kd7 30. Qf7+ 1-0